 Dungeon Crawl Stone Soup version 0.32-a0-22-g6ae6769602 (webtiles) character file.

Game seed: 16442275755811842367

80292 GordonOverkill the Frost Mage (level 15, -8/73 HPs)
             Began as a Spriggan Delver on Jan 12, 2024.
             Was a High Priest of Vehumet.
             Shot with an arrow by a centaur warrior (15 damage)
             ... on level 13 of the Dungeon on Jan 18, 2024.
             The game lasted 01:15:04 (38946 turns).

GordonOverkill the Frost Mage (Spriggan Delver)    Turns: 38946, Time: 01:15:04

Health: -8/73      AC:  8    Str:  8    XL:     15   Next: 23%
Magic:  9/30       EV: 32    Int: 23    God:    Vehumet [*****.]
Gold:   464        SH:  0    Dex: 15    Spells: 10/34 levels left

rFire   . . .        d - +5 arbalest (drain)
rCold   + . .        (shield currently unavailable)
rNeg    . . .        J - +0 robe {rC+}
rPois   +            i - +0 hat of Ryovve {Fly rPois Int+5 Dex-3}
rElec   .            G - +1 cloak
rCorr   .            (gloves unavailable)
SInv    +            (boots unavailable)
Will    +++..        I - amulet of the acrobat
Stlth   ++++         q - ring of willpower
HPRegen 0.32/turn    b - +4 ring of protection
MPRegen 0.22/turn

%: acrobat
@: acrobatic, flying, hasted, very quick
A: very small, no large weapons, unfitting armour, see invisible, speed 3
a: Renounce Religion


You were on level 13 of the Dungeon.
You worshipped Vehumet.
Vehumet was extremely pleased with you.
You visited 4 branches of the dungeon, and saw 21 of its levels.
You also visited: Ice Cave.

You collected 1673 gold pieces.
You spent 1209 gold pieces at shops.

Inventory:

Hand Weapons
 a - a +1 vampiric short sword
 d - a +5 arbalest of draining (weapon)
Missiles
 o - 41 poisoned darts
Armour
 i - the +0 hat of Ryovve (worn) {Fly rPois Int+5 Dex-3}
   (You acquired it on level 5 of the Dungeon)

   Int+5:     It affects your intelligence (+5).
   Dex-3:     It affects your dexterity (-3).
   rPois:     It protects you from poison Fly: It grants you flight.
 G - a +1 cloak (worn)
 J - a +0 robe of cold resistance (worn)
 N - a +2 buckler
 O - a scarf of resistance
Magical Staves
 U - a staff of cold
Jewellery
 b - a +4 ring of protection (right hand)
 p - a ring of flight
 q - a ring of willpower (left hand)
 t - a ring of resist corrosion
 I - an amulet of the acrobat (around neck)
 M - the amulet "Butoixya" {Acrobat -Tele Fly rCorr}
   (You found it on level 1 of the Lair of Beasts)

   [amulet of the acrobat]

   Acrobat:   It increases your evasion while moving and waiting.
   Fly:       It grants you flight.
   -Tele:     It prevents most forms of teleportation.
   rCorr:     It protects you from acid and corrosion.
Wands
 g - a wand of digging (8)
 r - a wand of flame (29)
 s - a wand of roots (22)
 u - a wand of paralysis (2)
 z - a wand of polymorph (32)
 B - a wand of light (2)
Scrolls
 c - a scroll of fog
 j - 7 scrolls of identify
 v - 3 scrolls of revelation
 w - a scroll of butterflies
 y - 6 scrolls of teleportation
 C - a scroll of poison
 D - a scroll of amnesia
 F - 3 scrolls of immolation
 H - a scroll of vulnerability
 T - a scroll of fear
Potions
 e - 4 potions of attraction
 f - a potion of haste
 h - 2 potions of cancellation
 k - 3 potions of might
 l - 3 potions of brilliance
 m - 13 potions of curing
 n - 4 potions of magic
 x - 3 potions of mutation
 A - a potion of ambrosia
 E - a potion of invisibility
 K - 2 potions of resistance
 L - a potion of lignification
 S - 2 potions of enlightenment
Miscellaneous
 Q - a lightning rod (3/4)


   Skills:
 - Level 6.0 Fighting
 - Level 3.0 Short Blades
 - Level 6.0 Ranged Weapons
 - Level 2.6 Dodging
 - Level 7.2 Stealth
 - Level 10.0 Spellcasting
 - Level 12.0 Conjurations
 - Level 8.0 Fire Magic
 + Level 12.4 Ice Magic
 - Level 10.0 Alchemy


You had 10 spell levels left.
You knew the following spells:

 Your Spells              Type           Power      Damage    Failure   Level
a - Olgreb's Toxic Radia  Alch           55%        N/A       1%          4
b - Apportation           Tloc           22%        N/A       5%          1
c - Fireball              Conj/Fire      27%        3d12      1%          5
d - Ozocubu's Refrigerat  Ice            31%        4d14      8%          7
e - Orb of Destruction    Conj           30%        9d10      10%         7

Your spell library contained the following spells:

 Spells                   Type           Power      Damage    Failure   Level
 Iskenderun's Battlesphe  Conj           61%        2d11      1%          5
 Sting                    Conj/Alch      100%       1d9       1%          1
 Mercury Vapours          Alch/Air       68%        N/A       1%          2
 Hailstorm                Conj/Ice       61%        3d11      1%          3
 Summon Ice Beast         Ice/Summ       40%        N/A       1%          3
 Necrotise                Necr           44%        1d6       5%          1
 Summon Small Mammal      Summ           44%        N/A       5%          1
 Yara's Violent Unravell  Hex/Alch       17%        3d8       5%          5
 Jinxbite                 Hex            22%        N/A       9%          2
 Sculpt Simulacrum        Ice/Alch       29%        N/A       9%          6
 Tukima's Dance           Hex            11%        N/A       17%         3
 Cause Fear               Hex            5%         N/A       50%         4
 Passage of Golubria      Tloc           11%        N/A       50%         4
 Enfeeble                 Hex            5%         N/A       100%        7
 Dragon's Call            Summ           5%         N/A       100%        9


Dungeon Overview and Level Annotations

Branches:
Dungeon (13/15)            Temple (1/1) D:5            Lair (5/5) D:11
  Swamp (0/4) Lair:2        Snake (0/4) Lair:3        Slime (0/5) Lair:5
    Orc (2/2) D:11            Elf (0/3) Orc:2         IceCv (visited)
 Vaults: D:13-14

Altars:
Ashenzari
Cheibriados
Dithmenos
Elyvilon
Fedhas
Gozag
Hepliaklqana
Kikubaaqudgha
Makhleb
Nemelex Xobeh
Okawaru
Qazlal
Ru
Sif Muna
Trog
Uskayaw
Vehumet
Wu Jian
Xom
Yredelemnul
Zin
The Shining One

Shops:
D:8 [   D:12 :[(   Orc:1 *   Orc:2 =[!=

Portals:
Hell: Lair:5
Trove: D:10 (give +4 shadow dragon scales)

Annotations:
D:13 Nessos
Lair:3 2 transporters, Ydoylom's ghost, journeyman GnRe


Innate Abilities, Weirdness & Mutations

You are very small and have problems with some larger weapons.
You are too small for most types of armour.
You have supernaturally acute eyesight. (SInv)
You cover ground extremely quickly. (Speed+++)


Message History

Casting: Ozocubu's Refrigeration (quite dangerous; 9% risk of failure)
Confirm with . or Enter, or press ? or * to list all spells.
The heat is drained from your surroundings.
The tengu warrior is almost dead.
The rakshasa is severely wounded.
The centaur warrior is almost dead.
The centaur warrior shoots an arrow.
The arrow hits you!! The rakshasa completely misses you.
Aiming: Thunderbolt
Press: ? - help, Shift-Dir - straight line The thunderbolt hits the rakshasa!
The rakshasa is almost dead.
The thunderbolt hits the tengu warrior!!
You kill the tengu warrior!
Vehumet accepts your kill.
You feel your power returning.
You hear a shout!
You hear a horrible gurgling sound!
You hear a shout! x9
The centaur warrior shoots an arrow.
The arrow hits you!
* * * LOW HITPOINT WARNING * * *
The rakshasa gestures at you. The lance of force hits you!!
* * * LOW HITPOINT WARNING * * *
You are knocked back by the lance of force.
You slam into the rock wall!
* * * LOW HITPOINT WARNING * * *
Okay, then.
Okay, then.
Okay, then.
Unknown command.
Unknown command.
Unknown command.
Unknown command.
You feel much better.
The rakshasa blinks!
The centaur warrior shoots an arrow.
The arrow hits you!
* * * LOW HITPOINT WARNING * * *
As you read the scroll of fog, it dissolves into smoke.
You feel yourself speed up.
A brown ugly thing comes into view.
Found 4 stones.
The centaur warrior shoots an arrow.
The arrow hits you!
You die...

##....)##.§.§§§§§§#####.
#...#......§§§§§c§§.....
#...#.........§§§§....u.
#.......)...§§.§.§#####.
...##............#
##.##............#
#......>........##
#.<.##...........#
##..####[.@......# #...#
##........# ..###
#.......... #...
....?....... ....
........###.. ....##
...##...## .# ....##
.#.. #.... .(##. .....


You could see a centaur warrior.

Vanquished Creatures
  Rupert (Orc:2)
  A reaper (IceCv)
  3 hydras
  2 catoblepae
  A boulder beetle (D:12)
  3 centaur warriors
  A ghost crab (Lair:2)
  An ogre mage (D:13)
  5 two-headed ogres
  Erica (D:8)
  11 death yaks
  2 tengu warriors
  2 orc high priests (Orc:2)
  Urug (Lair:4)
  An occultist (Lair:5)
  A sun demon (Lair:5)
  4 skeletal warriors (D:12)
  A lindwurm (Lair:5)
  2 deep elf pyromancers
  2 ugly things
  5 orc knights (Orc:2)
  6 orc sorcerers
  2 manticores
  7 elephants
  3 cyclopes
  2 kobold blastminers (Orc:2)
  Maurice (D:11)
  An ice statue (IceCv)
  The ghost of Ivernyr the Shield-Bearer, a novice FoFi (D:5)
  4 black mambas
  2 orange demons (Lair:5)
  19 cane toads
  2 unseen horrors
  2 kobold demonologists (D:10)
  A tengu conjurer (D:10)
  5 komodo dragons
  5 rime drakes
  An efreet (D:12)
  2 anaconda simulacra (IceCv)
  A red devil (Lair:5)
  6 ice devils
  5 trolls
  A hornet (Lair:3)
  4 polar bears
  A dream sheep (Lair:5)
  Grinder (D:4)
  23 blink frogs
  7 slime creatures
  A spriggan (shapeshifter) (D:13)
  A wyvern (Lair:4)
  2 wraiths
  A vampire (D:13)
  A shadow (D:8)
  39 yaks
  2 wargs
  4 basilisks
  2 steam dragons
  8 vampire mosquitoes
  7 death yak simulacra (IceCv)
  18 water moccasins
  5 hell hounds (Lair:5)
  3 acid dragons
  A spectral yak (Lair:2)
  A hydra simulacrum (IceCv)
  17 orc warriors
  2 black bears
  A sky beast (D:6)
  2 ice beasts
  A spectral blink frog (Lair:2)
  11 wolves
  7 ogres
  7 centaurs
  A phantom (D:6)
  7 kobold brigands
  7 bullfrogs
  A spectral wyvern (Lair:2)
  2 gnoll sergeants
  4 cane toad simulacra (IceCv)
  3 scorpions
  A spectral water moccasin (Lair:2)
  3 two-headed ogre simulacra (IceCv)
  9 wights
  An elephant simulacrum (IceCv)
  6 killer bees (D:9)
  2 spectral wolves (Lair:2)
  7 electric eels
  4 bombardier beetles
  3 howler monkeys
  A hound (D:5)
  7 jellies
  A gnoll bouda (D:10)
  15 orc priests
  A sleepcap (D:5)
  2 iguanas (D:6)
  19 orc wizards
  2 spriggan simulacra (IceCv)
  4 troll simulacra (IceCv)
  2 polar bear simulacra (IceCv)
  15 gnolls
  6 adders
  4 naga simulacra (IceCv)
  2 shadow imps
  10 white imps
  6 ufetubi (IceCv)
  3 ribbon worms
  4 dart slugs
  74 orcs
  12 endoplasms
  5 giant cockroaches
  9 goblins
  5 hobgoblins
  3 quokkas
  14 ball pythons
  7 bats
  18 kobolds
  8 rats
630 creatures vanquished.

Vanquished Creatures (others)
  An orc high priest (Orc:2)
  An orc wizard (Orc:2)
2 creatures vanquished.

Grand Total: 632 creatures vanquished

Notes
Turn   | Place    | Note
-------+----------+-------------------------------------------
     0 | D:5      | GordonOverkill the Spriggan Delver began the quest for the
                  | Orb.
     0 | D:5      | Reached XP level 1. HP: 11/11 MP: 2/2
     0 | D:5      | Found a blossoming altar of Fedhas.
    11 | D:6      | Noticed a gnoll sergeant
    13 | D:6      | Reached XP level 2. HP: 16/16 MP: 3/3
    65 | D:4      | Noticed a black bear
   134 | D:1      | Found a faded altar of an unknown god.
   494 | D:1      | Reached skill level 1 in Spellcasting
   494 | D:1      | Reached XP level 3. HP: 19/20 MP: 5/5
  1808 | D:2      | Reached XP level 4. HP: 24/24 MP: 9/9
  3419 | D:3      | Reached skill level 1 in Ranged Weapons
  3456 | D:3      | Found a hazy altar of Hepliaklqana.
  3457 | D:3      | Found a shimmering altar of Xom.
  3457 | D:3      | Noticed an unseen horror
  3458 | D:3      | Noticed a spectral ugly thing
  3458 | D:3      | Noticed an unseen horror
  3726 | D:3      | Reached XP level 5. HP: 28/28 MP: 11/11
  3886 | D:4      | Noticed Grinder
  3897 | D:4      | Killed Grinder
  3898 | D:4      | Reached XP level 6. HP: 32/32 MP: 12/12
  4169 | D:4      | Reached skill level 5 in Ranged Weapons
  4263 | D:4      | Found a broken altar of Ashenzari.
  4268 | D:4      | Reached XP level 7. HP: 36/36 MP: 13/13
  4617 | D:5      | Identified a scroll of acquirement
  4617 | D:5      | Acquired the +0 hat of Ryovve {Fly rPois Int+5 Dex-3}
  4687 | D:5      | Found a staircase to the Ecumenical Temple.
  4694 | D:5      | Reached skill level 5 in Spellcasting
  4808 | D:4      | Reached skill level 1 in Conjurations
  4908 | D:5      | Noticed Ivernyr's ghost (novice FoFi)
  4934 | D:5      | Found a runed translucent door.
  5374 | D:5      | Killed Ivernyr's ghost
  5375 | D:5      | Reached XP level 8. HP: 38/40 MP: 16/16
  5565 | D:6      | Reached skill level 5 in Conjurations
  6094 | D:6      | Reached XP level 9. HP: 14/44 MP: 17/17
  6506 | D:6      | Found a burning altar of Makhleb.
  7191 | Temple   | Entered the Ecumenical Temple
  7228 | Temple   | Upgraded the game from 0.31-a0-1626-g5cb510d322 to
                  | 0.32-a0-19-g28bc0835a1
  7228 | Temple   | Upgraded the game from 0.32-a0-19-g28bc0835a1 to
                  | 0.32-a0-22-g6ae6769602
  7233 | Temple   | Learned a level 4 spell: Olgreb's Toxic Radiance
  7241 | Temple   | Became a worshipper of Vehumet
  7314 | D:7      | Found an iron altar of Okawaru.
  7548 | D:7      | Found a glowing silver altar of Zin.
  7548 | D:7      | Noticed an angel
  7583 | D:7      | Found an opulent altar of Gozag.
  7673 | D:7      | Noticed a cyclops
  7756 | D:7      | Killed a cyclops
  7757 | D:7      | Reached skill level 5 in Alchemy
  8024 | D:8      | Noticed a centaur warrior
  8031 | D:8      | Killed a centaur warrior
  8110 | D:8      | Found Kumo's Armour Boutique.
  8119 | D:8      | Bought a +1 cloak for 149 gold pieces
  8264 | D:7      | Reached XP level 10. HP: 45/46 MP: 16/18
  8332 | D:8      | Reached * piety under Vehumet
  8332 | D:8      | Offered knowledge of Kiss of Death by Vehumet.
  8362 | D:8      | Noticed Erica
  8372 | D:8      | Killed Erica
  8538 | D:8      | Found a snail-covered altar of Cheibriados.
  9218 | D:9      | Noticed a two-headed ogre
  9240 | D:9      | Killed a two-headed ogre
  9241 | D:9      | Reached skill level 10 in Alchemy
 10157 | D:9      | Reached ** piety under Vehumet
 10158 | D:9      | Offered knowledge of Scorch by Vehumet.
 10161 | D:9      | Found a bloodstained altar of Trog.
 10377 | D:9      | Noticed a two-headed ogre
 10393 | D:9      | Killed a two-headed ogre
 10909 | D:9      | Reached XP level 11. HP: 52/52 MP: 9/24
 11024 | D:9      | Learned a level 1 spell: Apportation
 11030 | D:9      | Learned a level 5 spell: Fireball
 11049 | D:9      | Found a hide-covered altar of Uskayaw.
 11276 | D:10     | Entered Level 10 of the Dungeon
 11323 | D:10     | Offered knowledge of Dazzling Flash by Vehumet.
 11844 | D:9      | Reached skill level 1 in Fire Magic
 12585 | D:10     | Found a portal to a secret trove of treasure.
 12726 | D:10     | Reached *** piety under Vehumet
 13211 | D:10     | Noticed a catoblepas
 13311 | D:10     | Killed a catoblepas
 13408 | D:10     | Noticed a seven-headed hydra
 13468 | D:10     | Killed a seven-headed hydra
 13469 | D:10     | Reached skill level 5 in Fire Magic
 13565 | D:10     | Noticed a tengu warrior
 13596 | D:10     | Killed a tengu warrior
 14133 | D:10     | Found a glowing golden altar of the Shining One.
 14209 | D:10     | Noticed a centaur warrior
 14289 | D:10     | Noticed a white ugly thing
 14302 | D:10     | Killed a white ugly thing
 14395 | D:10     | Noticed a centaur warrior
 14780 | D:10     | Killed a centaur warrior
 14983 | D:10     | Offered knowledge of Inner Flame by Vehumet.
 14984 | D:10     | Reached skill level 5 in Fighting
 16188 | D:10     | Found a portal to a secret trove of treasure.
 16350 | D:10     | Found a glowing golden altar of the Shining One.
 16965 | D:11     | Reached XP level 12. HP: 57/61 MP: 12/26
 17082 | D:11     | Found a staircase to the Orcish Mines.
 17129 | D:11     | Noticed a death yak
 17129 | D:11     | Noticed a death yak
 17136 | D:11     | Noticed a two-headed ogre
 17156 | D:11     | Killed a death yak
 17159 | D:11     | Killed a death yak
 17338 | D:11     | Killed a two-headed ogre
 17383 | D:11     | Found a staircase to the Lair.
 17519 | D:11     | Noticed Maurice
 17531 | D:11     | Killed Maurice
 17587 | D:11     | Noticed a death yak
 17588 | D:11     | Noticed a death yak
 17589 | D:11     | Noticed a death yak
 17600 | D:11     | Killed a death yak
 17602 | D:11     | Killed a death yak
 17620 | D:11     | Killed a death yak
 18006 | Orc:1    | Entered Level 1 of the Orcish Mines
 18070 | Orc:1    | Reached **** piety under Vehumet
 18270 | Orc:1    | Found Itaowoix's General Store.
 18276 | Orc:1    | Offered knowledge of Hailstorm by Vehumet.
 18277 | Orc:1    | Reached skill level 10 in Conjurations
 18433 | Orc:1    | Bought a +4 ring of protection for 540 gold pieces
 18820 | Orc:2    | Entered Level 2 of the Orcish Mines
 18925 | Orc:2    | Reached skill level 10 in Spellcasting
 19108 | Orc:2    | Noticed Rupert
 19141 | Orc:2    | Killed Rupert
 19696 | Orc:2    | Found a staircase to the Elven Halls.
 19789 | Orc:2    | Noticed an orc high priest
 19949 | Orc:2    | Noticed an orc high priest
 19966 | Orc:2    | Killed an orc high priest
 20089 | Orc:2    | Killed an orc high priest
 20090 | Orc:2    | Reached XP level 13. HP: 65/65 MP: 15/28
 20598 | Orc:2    | Found Telostri's Jewellery Shoppe.
 20598 | Orc:2    | Found Qaeguck's Jewellery Shop.
 20600 | Orc:2    | Found Zakac's Distillery.
 20600 | Orc:2    | Found Eghuholo's Antique Armour Shop.
 20608 | Orc:2    | Bought 2 potions of resistance for 260 gold pieces
 20608 | Orc:2    | Bought a potion of lignification for 39 gold pieces
 20608 | Orc:2    | Bought a potion of curing for 39 gold pieces
 20608 | Orc:2    | Bought a potion of curing for 39 gold pieces
 20608 | Orc:2    | Bought a potion of curing for 39 gold pieces
 20608 | Orc:2    | Bought 2 potions of brilliance for 104 gold pieces
 20711 | Orc:2    | Found a staircase to the Elven Halls.
 21052 | Lair:1   | Entered Level 1 of the Lair of Beasts
 21864 | D:11     | Reached ***** piety under Vehumet
 22170 | Lair:1   | Identified the amulet "Butoixya" {Acrobat -Tele Fly rCorr}
 22216 | Lair:1   | Offered knowledge of Ozocubu's Refrigeration by Vehumet.
 22290 | Lair:1   | Learned a level 7 spell: Ozocubu's Refrigeration
 22378 | Lair:1   | Identified the +2 sling of Righteous Fury {drain, Will-
                  | MP+9 Str+4 Stlth+}
 22742 | Lair:2   | Reached skill level 1 in Ice Magic
 22821 | Lair:2   | Found a frozen archway.
 22880 | IceCv    | Entered an ice cave
 24425 | IceCv    | Noticed a reaper
 24484 | IceCv    | Killed a reaper
 25612 | Lair:1   | Reached skill level 5 in Ice Magic
 26996 | Lair:2   | Reached XP level 14. HP: 49/67 MP: 23/29
 27179 | Lair:2   | Offered knowledge of Orb of Destruction by Vehumet.
 27869 | Lair:2   | Found a staircase to the Swamp.
 27976 | Lair:3   | Found a staircase to the Snake Pit.
 29166 | Lair:3   | Noticed Ydoylom's ghost (journeyman GnRe)
 29201 | Lair:3   | Found a transporter.
 29205 | Lair:3   | Found a transporter.
 31176 | Lair:5   | Entered Level 5 of the Lair of Beasts
 31568 | Lair:5   | Noticed Urug
 32300 | Lair:4   | Killed Urug
 32511 | Lair:5   | Reached skill level 10 in Ice Magic
 33979 | Lair:5   | Found a burning altar of Makhleb.
 34139 | Lair:5   | Found a staircase to the Slime Pits.
 35523 | Lair:5   | Found a gateway to Hell.
 35713 | D:11     | Learned a level 7 spell: Orb of Destruction
 35747 | D:12     | Found Vyociwus's Armour Emporium.
 36467 | D:12     | Reached XP level 15. HP: 66/73 MP: 8/30
 36579 | D:12     | Found Cedeid's Antique Weapon Shoppe.
 37103 | D:12     | Offered knowledge of Iskenderun's Battlesphere by Vehumet.
 37457 | D:12     | Found Lyqipo's Book Boutique.
 37537 | D:13     | Noticed Nessos
 38946 | D:13     | Shot with an arrow by a centaur warrior

Illustrated notes

Levels and vault maps discovered:
D:1:      matt_arrival_refuge, layout_basic, nicolae_ecumenical_snake_handling
D:2:      layout_loops_cross, chequers_serial_rivers_micro_d
D:3:      minmay_wonky_spiral, layout_loops_corners,
          regret_index_temple_of_mockery, minmay_strange_pillars,
          kennysheep_doodads, hangedman_decor_slide_cut, corner_web_ring
D:4:      layout_loops_ring, mainiacjoe_overflow_paths, chequers_mini_garden,
          minivault_27, st_stairs_6, minmay_misc_feat_chi,
          chequers_serial_rivers_small_b, chequers_serial_rivers_small_b,
          uniq_grinder
D:5:      layout_rooms, fedhas_altar_1, minmay_temple_entry_from_below_b,
          hellmonk_ghost_happy_afterlife, kennysheep_crisscross
D:6:      layout_loops_cross, nicolae_overflow_crystal_walls
D:7:      layout_cave_pools, mainiacjoe_overflow_24_doors, zin_angel,
          kennysheep_okawaru_gauntlet, dreamdust_princess_corridor
D:8:      layout_loops_ring, cheibriados_altar_1, serial_shops,
          nicolae_shop_rolling_square, chequers_decorated_corner, uniq_erica
D:9:      layout_roguey, nicolae_uskayaw_suspiria, amcnicky_altar_gilded,
          special_room [special_room_orc], hangedman_minor_gate_pass
D:10:     minmay_the_grid_four_pointed_star_mashed
          [minmay_the_grid_triangle_9x9_steps,
          minmay_the_grid_triangle_9x9_negative_grid,
          minmay_the_grid_triangle_9x9_swiss_cheese,
          minmay_the_grid_triangle_9x9_dagger, minmay_the_grid_prize_big_room],
          layout_basic, lemuel_coloured_pillars_altar,
          nicolae_trove_entry_crystal
D:11:     layout_irregular_city, dpeg_lair_monsters, david_orc_3, uniq_maurice
D:12:     layout_stronghold, serial_shops, nicolae_shop_rolling_square,
          nicolae_shop_waterfront, shop, reono_crystal_passage
D:13:     layout_cave_pools, hangedman_vaults_entry_quadrant_bands, st_stairs_4,
          led_sif_book, uniq_nessos
Temple:   cyrus_temple_forest
Lair:1:   layout_chaotic_city, nicolae_quartered_pool_super,
          columned_hall_lemuel, grunt_megastairs_1
Lair:2:   layout_misc_corridors, nicolae_swamp_entry_spooky,
          portal_ice_cave_demonic_guard, beast_lair_carwin_8,
          infiniplex_staircase_pool
Lair:3:   layout_cave_pods, dummy_snake_entry, nzn_ghost_randoct
Lair:4:   layout_regular_city
Lair:5:   evil_forest, layout_regular_city, nicolae_slime_entry_slimehenge,
          uniq_urug
Orc:1:    layout_caves, basic_altar, serial_shops, nicolae_shop_hallway_plus
Orc:2:    grunt_orc_tribal_feast, layout_caves, basic_altar, uniq_rupert

Skill      XL: |  1  2  3  4  5  6  7  8  9 10 11 12 13 14 15 |
---------------+----------------------------------------------+-----
Fighting       | 3 6 |  6.0
Short Blades   | 3 |  3.0
Spellcasting   | 1 3 5 8 9 10 | 10.0
Ranged Weapons | 2 4 5 6 |  6.0
Conjurations   | 4 6 7 8 10 12 | 12.0
Alchemy        | 8 10 | 10.0
Fire Magic     | 6 8 |  8.0
Ice Magic      | 6 11 12 | 12.4
Dodging        | |  2.6
Stealth        | |  7.2

Action                     |  1- 3 |  4- 6 |  7- 9 | 10-12 | 13-15 || total
---------------------------+-------+-------+-------+-------+-------++-------
  Melee: Short sword       |   168 |   101 |     5 |     8 |     2 ||   284
         Punch             |     2 |       |       |       |       ||     2
   Fire: Arbalest          |       |    40 |   226 |   240 |   244 ||   750
  Throw: Dart              |       |     3 |       |       |       ||     3
   Cast: Olgreb's Toxic Ra |       |       |     1 |   226 |   110 ||   337
         Fireball          |       |       |       |    24 |   259 ||   283
         Ozocubu's Refrige |       |       |       |       |    83 ||    83
         Orb of Destructio |       |       |       |       |    17 ||    17
  Evoke: Wand              |       |       |     3 |    17 |    13 ||    33
         Lightning rod     |       |       |       |       |     1 ||     1
    Use: Scroll            |       |    12 |     7 |    15 |     6 ||    40
         Potion            |       |     1 |       |     3 |     3 ||     7
   Stab: Sleeping          |    12 |     5 |     1 |     4 |     1 ||    23
         Distracted        |       |     1 |       |       |       ||     1
         Paralysed         |       |       |     4 |     2 |       ||     6
         Invisible         |       |       |       |     2 |       ||     2
 Armour: Robe              |    46 |    34 |    47 |    92 |   129 ||   348
  Dodge: Dodged            |   137 |    84 |    85 |   124 |   165 ||   595

Table legend: (Time is in decaauts)
 A = Elapsed time spent in this place.
 B = Non-inter-level travel time spent in this place.
 C = Inter-level travel time spent in this place.
 D = Time resting spent in this place.
 E = Time spent auto-exploring this place.
 F = Levels seen in this place.
 G = Mean time per level.
                   A        B        C        D        E       F      G
               +--------+--------+--------+--------+--------+-----+--------+
         Total |  32539 |  31252 |   1287 |  18478 |   7854 |  22 | 1479.0 |
       Dungeon |  17661 |  16850 |    811 |   9046 |   4833 |  13 | 1358.5 |
        Temple |     50 |     34 |     16 |      0 |      0 |   1 |   50.0 |
          Lair |  10484 |  10061 |    423 |   6788 |   1970 |   5 | 2096.8 |
  Orcish Mines |   2473 |   2436 |     37 |   1168 |    862 |   2 | 1236.5 |
      Ice Cave |   1868 |   1868 |      0 |   1475 |    187 |   1 | 1868.0 |
               +--------+--------+--------+--------+--------+-----+--------+

Top non-repeatable levels by time:
    D:10: 3769 daAuts
  Lair:4: 2699 daAuts
  Lair:5: 2386 daAuts
    D:12: 2362 daAuts
     D:9: 2307 daAuts
  Lair:1: 2133 daAuts
  Lair:2: 1870 daAuts
   IceCv: 1868 daAuts
   Orc:2: 1770 daAuts
    D:11: 1750 daAuts
     D:6: 1460 daAuts
  Lair:3: 1393 daAuts
     D:8: 1150 daAuts
     D:1: 1085 daAuts
     D:2: 979 daAuts
